 Dungeon Crawl Stone Soup version 0.23.2-30-g0e89c35649 (webtiles) character file.

Game seed: 2197730755389628444

193 Kobolds4U the Conjurer (level 5, -8/28 HPs)
             Began as a Deep Elf Conjurer on June 18, 2019.
             Mangled by Pikel
             ... wielding a +0 whip of electrocution
              (15 damage)
             ... on level 4 of the Dungeon.
             The game lasted 00:09:05 (2320 turns).

Kobolds4U the Conjurer (Deep Elf Conjurer)          Turns: 2320, Time: 00:09:06

Health: -8/28      AC:  7    Str:  6    XL:     5   Next: 43%
Magic:  4/14       EV: 11    Int: 20    God:
Gold:   194        SH:  4    Dex: 15    Spells: 4/14 levels left

rFire    . . .     SeeInvis .   p - -3 dagger (curse)
rCold    . . .     Gourm    .   j - +0 buckler
rNeg     . . .     Faith    .   n - +0 leather armour
rPois    .         Spirit   .   (no helmet)
rElec    .         Reflect  .   x - +2 cloak
rCorr    .         Harm     .   h - +0 pair of gloves
MR       +....                  (no boots)
Stlth    ++........             l - amulet of magic regeneration
HPRegen  0.09/turn              g - ring of protection from magic
MPRegen  0.39/turn              (no ring)

@: no status effects
A: no striking features
a: no special abilities


You were on level 4 of the Dungeon.
You were not hungry.

You visited 1 branch of the dungeon, and saw 4 of its levels.

You collected 194 gold pieces.

Inventory:

Hand Weapons
 p - a cursed -3 dagger (weapon)
Armour
 a - a +0 robe
 h - a +0 pair of gloves (worn)
 j - a +0 buckler (worn)
 n - a +0 leather armour (worn)
 x - a +2 cloak (worn)
Jewellery
 g - a ring of protection from magic (left hand)
 l - an amulet of magic regeneration (around neck)
 w - a +3 ring of dexterity
Wands
 v - a wand of enslavement (8)
Scrolls
 b - a scroll of random uselessness {unknown}
 d - a scroll of remove curse {unknown}
 e - 4 scrolls of teleportation {unknown}
 i - 4 scrolls of identify {unknown}
 k - a scroll of enchant armour {unknown}
 y - a scroll of immolation {unknown}
Potions
 f - a potion of degeneration {unknown}
 m - 2 potions of curing {unknown}
 o - a potion of mutation {unknown}
 q - a potion of brilliance {unknown}
 r - a potion of resistance {unknown}
 s - 2 potions of agility {unknown}
 u - 3 potions of might {unknown}
Comestibles
 c - 2 rations
 t - 4 chunks of flesh


   Skills:
 - Level 2.4 Dodging
 - Level 2.4 Stealth
 - Level 2.1 Shields
 * Level 5.2 Spellcasting
 + Level 5.4 Conjurations
 + Level 1.1 Hexes
 + Level 0.1 Translocations


You had 4 spell levels left.
You knew the following spells:

 Your Spells              Type           Power        Failure   Level  Hunger
a - Magic Dart            Conj           ####         2%          1    None
b - Searing Ray           Conj           ####..       3%          2    None
c - Dazzling Spray        Conj/Hex       ###...       17%         3    ##.....
d - Force Lance           Conj/Tloc      ###.....     56%         4    ####...

Your spell library contained the following spells:

 Spells                   Type           Power        Failure   Level  Hunger
 Iskenderun's Mystic Bla  Conj           ####....     24%         4    ####...
 Fulminant Prism          Conj/Hex       ###.......   50%         4    ####...


Dungeon Overview and Level Annotations

Branches:
Dungeon (4/15)
 Temple: D:4-7

Altars:
Makhleb

Annotations:
D:2 Terence
D:4 Pikel


Message History

Pikel hits you but does no damage.
Some of the chunks of flesh in your inventory have rotted away.
Casting: Searing Ray (safe; 3% risk of failure)
Confirm with . or Enter, or press ? or * to list all spells.
Aiming: Searing Ray (safe; 3% risk of failure)
Press: ? - help, Shift-Dir - straight line, f/p - Pikel
Aim: Pikel, wielding a +0 whip of electrocution and wearing a +1 robe of positive energy (severely wounded)
The searing ray hits Pikel but does no damage.
Pikel is severely wounded. (Press . to maintain the ray.)
The quokka skeleton closely misses you.
Pikel hits you with a +0 whip of electrocution.
The searing ray hits Pikel.
Pikel is severely wounded.
The quokka skeleton bites you but does no damage.
Pikel hits you with a +0 whip of electrocution.
* * * LOW HITPOINT WARNING * * *
You are electrocuted!
Ouch! That really hurt!
You die...

# #### #. #<..
####..######################
.......$ppK@.>....[.........
#####.%#####Z....###########
##. #......########### ..
#......#....รท.....


.pK #...(###.######### .... ###......# ..... #........# ...... #.#......#
#........# You could see Pikel, 2 slaves and a quokka skeleton.

Vanquished Creatures
  2 slaves (D:4)
  Crazy Yiuf (D:3)
  Ijyb (D:3)
  6 adders
  2 oozes
  A worm (D:3)
  3 dart slugs
  2 leopard geckos (D:2)
  An orc (D:3)
  A ball python (D:3)
  13 giant cockroaches
  4 goblins
  3 hobgoblins
  4 jackals (D:4)
  3 quokkas
  6 bats
  6 frilled lizards
  5 kobolds
  4 rats
68 creatures vanquished.

Notes
Turn   | Place    | Note
-------+----------+-------------------------------------------
     0 | D:1      | Kobolds4U the Deep Elf Conjurer began the quest for the
                  | Orb.
     0 | D:1      | Reached XP level 1. HP: 10/10 MP: 6/6
   180 | D:1      | Reached XP level 2. HP: 15/15 MP: 5/8
   184 | D:1      | Learned a level 2 spell: Searing Ray
   556 | D:2      | Reached XP level 3. HP: 19/19 MP: 7/10
   745 | D:2      | Reached skill level 1 in Shields
   846 | D:2      | Reached XP level 4. HP: 20/24 MP: 9/12
  1039 | D:2      | Reached skill level 5 in Conjurations
  1172 | D:2      | Noticed Terence
  1321 | D:3      | Found a burning altar of Makhleb.
  1321 | D:3      | Noticed a blizzard demon
  1446 | D:3      | Noticed Ijyb
  1468 | D:3      | Killed Ijyb
  1468 | D:3      | Reached XP level 5. HP: 18/28 MP: 5/14
  1604 | D:3      | Reached skill level 5 in Spellcasting
  1759 | D:3      | Found a runed translucent door.
  1760 | D:3      | Noticed Crazy Yiuf
  1767 | D:3      | Learned a level 3 spell: Dazzling Spray
  1772 | D:3      | Learned a level 4 spell: Force Lance
  1794 | D:3      | Killed Crazy Yiuf
  1794 | D:3      | Reached skill level 1 in Hexes
  2267 | D:4      | Noticed a slave
  2268 | D:4      | Noticed a slave
  2283 | D:4      | Killed a slave
  2306 | D:4      | Noticed Pikel
  2306 | D:4      | Noticed a slave
  2306 | D:4      | Noticed a slave
  2317 | D:4      | Killed a slave
  2320 | D:4      | Mangled by Pikel

Skill      XL: |  1  2  3  4  5 |
---------------+----------------+-----
Spellcasting   | 4 5 |  5.2
Shields        | 1 2 |  2.1
Conjurations   | 5 |  5.4
Hexes          | 1 |  1.1
Dodging        | |  2.4
Stealth        | |  2.4
Translocations | |  0.1

Action                   |  1- 3 |  4- 6 || total
-------------------------+-------+-------++-------
Melee: Unarmed           |    11 |       ||    11
       Dagger            |       |     3 ||     3
 Cast: Magic Dart        |    39 |    48 ||    87
       Searing Ray       |     6 |    10 ||    16
       Dazzling Spray    |       |     3 ||     3
 Stab: Sleeping          |     2 |     2 ||     4
  Eat: Chunk             |       |     4 ||     4
Armor: Robe              |     6 |       ||     6
       Leather armour    |     1 |     7 ||     8
Dodge: Dodged            |    15 |    12 ||    27
Block: Buckler           |     6 |     6 ||    12
